 Dungeon Crawl Stone Soup version 0.23.2-33-g5129a83184 (webtiles) character file.

Game seed: 4161482860826191462

72 Kold the Insei (level 4, 0/42 HPs)
             Began as an Octopode Transmuter on July 23, 2019.
             Slain by a goblin (2 damage)
             ... led by Robin
             ... on level 3 of the Dungeon.
             The game lasted 00:03:03 (2514 turns).

Kold the Insei (Octopode Transmuter)                Turns: 2514, Time: 00:03:03

Health: 0/42       AC: 22    Str: 10    XL:     4   Next: 25%
Magic:  6/7        EV:  2    Int: 15    God:
Gold:   82         SH:  0    Dex: 12    Spells: 6/7 levels left

rFire    . . .     SeeInvis .     - Unarmed
rCold    . . .     Gourm    +   (no shield)
rNeg     + + +     Faith    .   (helmet currently unavailable)
rPois    +         Spirit   .   h - amulet of the gourmand
rElec    .         Reflect  .   o - ring of resist corrosion
rCorr    +         Harm     .   (no ring)
MR       .....     NoTele   +   (no ring)
Stlth    ++........             (no ring)
HPRegen  0.14/turn              (no ring)
MPRegen  0.10/turn              (no ring)
                                (no ring)
                                (no ring)

@: tree-form
A: almost no armour, stealthy swim, (amphibious), 8 rings, (constrict 8)
a: no special abilities


You were on level 3 of the Dungeon.
You were very full.
You were a tree.
You visited 1 branch of the dungeon, and saw 3 of its levels.

You collected 82 gold pieces.

Inventory:

Missiles
 a - 46 arrows
Jewellery
 h - an amulet of the gourmand (around neck)
 o - a ring of resist corrosion (left branch)
Scrolls
 b - 2 scrolls of identify {unknown}
 d - a scroll of teleportation {unknown}
 f - a scroll of blinking {unknown}
 g - a scroll of immolation {unknown}
 j - a scroll of magic mapping {unknown}
 l - 2 scrolls of remove curse {unknown}
 m - a scroll of enchant armour {unknown}
Potions
 e - 2 potions of mutation
 k - a potion of heal wounds {unknown}
Comestibles
 c - 7 rations


   Skills:
 - Level 1.0 Fighting
 + Level 2.7 Dodging
 + Level 2.5 Stealth
 + Level 3.5 Unarmed Combat
 - Level 2.0 Spellcasting
 + Level 2.7 Transmutations


You had 6 spell levels left.
You knew the following spells:

 Your Spells              Type           Power        Failure   Level  Hunger
a - Beastly Appendage     Tmut           #.....       7%          1    #......

Your spell library contained the following spells:

 Spells                   Type           Power        Failure   Level  Hunger
 Sticks to Snakes         Tmut           #.......     11%         2    ###....
 Spider Form              Tmut/Pois      #.........   36%         3    ###....
 Ice Form                 Ice/Tmut       #.......     77%         4    #####..
 Blade Hands              Tmut           #.........   89%         5    ######.


Dungeon Overview and Level Annotations

Branches:
Dungeon (3/15)

Altars:

Annotations:
D:3 Robin


Innate Abilities, Weirdness & Mutations

You cannot wear most types of armour.
You are very stealthy in the water. (Stealth+)
((You are amphibious.))
You can wear up to eight rings at the same time.
((You can use your tentacles to constrict eight enemies at once.))
((Your skin changes colour to match your surroundings (Stealth+).))
((Your rubbery body absorbs attacks. (AC +1, EV +1)))
((Your flesh is heat resistant. (rF+)))


Message History

You pierce Robin.
Robin is moderately wounded.
You constrict Robin. The goblin closely misses you. The goblin hits you.
* * * LOW HITPOINT WARNING * * *
Robin struggles to escape constriction.
You tentacle-slap Robin but do no damage.
You squeeze Robin.
Robin is heavily wounded.
You constrict Robin. The goblin hits you.
* * * LOW HITPOINT WARNING * * *
The goblin hits you.
* * * LOW HITPOINT WARNING * * *
It was a potion of mutation.
You feel extremely strange.
You feel resistant to heat.
You constrict Robin. The goblin barely misses you. x2
It was a potion of lignification.
Your tentacle spike disappears.
You turn into a tree.
Your roots penetrate the ground.
You lose your grip on Robin.
The goblin hits you.
You die...

#....# #.... +....
... ... #######.#
### .....gg.#...
#######♣#.#####
.......gg......
#########.#.#####
#.....#...#...
#.###.##.######
#.# #.#......>#
#.###.#######)#
#.#...# #.#
#.#.#########'####


You could see Robin and 3 goblins.

Vanquished Creatures
  A gnoll (D:2)
  An adder (D:2)
  3 dart slugs
  2 leopard geckos (D:1)
  2 giant cockroaches (D:1)
  12 goblins
  10 hobgoblins
  3 kobolds
  2 ball pythons
  3 bats (D:1)
  A frilled lizard (D:1)
  A rat (D:2)
41 creatures vanquished.

Notes
Turn   | Place    | Note
-------+----------+-------------------------------------------
     0 | D:1      | Kold the Octopode Transmuter began the quest for the Orb.
     0 | D:1      | Reached XP level 1. HP: 13/13 MP: 3/3
   152 | D:1      | Reached skill level 1 in Stealth
   152 | D:1      | Reached XP level 2. HP: 18/18 MP: 3/5
   819 | D:1      | Reached XP level 3. HP: 16/23 MP: 4/6
  2105 | D:2      | Reached XP level 4. HP: 28/28 MP: 5/7
  2505 | D:3      | Noticed Robin
  2512 | D:3      | HP: 1/28 [goblin[Robin] (3)]
  2513 | D:3      | Gained mutation: Your flesh is heat resistant. (rF+)
                  | [potion of mutation]
  2514 | D:3      | Slain by a goblin

Skill      XL: |  1  2  3 |
---------------+----------+-----
Stealth        | 1 2 |  2.5
Fighting       | |  1.0
Dodging        | |  2.7
Unarmed Combat | |  3.5
Spellcasting   | |  2.0
Transmutations | |  2.7

Action                   |  1- 3 |  4- 6 || total
-------------------------+-------+-------++-------
Melee: Unarmed           |    65 |    19 ||    84
       Constrict         |    17 |     8 ||    25
       Kick              |    11 |     6 ||    17
       Punch             |     1 |       ||     1
       Tentacles         |     9 |     3 ||    12
 Cast: Beastly Appendage |    23 |     5 ||    28
  Use: Potion            |       |     2 ||     2
 Stab: Sleeping          |     6 |     2 ||     8
  Eat: Chunk             |    12 |     2 ||    14
Armor: Skin              |     3 |     1 ||     4
Dodge: Dodged            |    34 |    10 ||    44
